 Dungeon Crawl Stone Soup version 0.17-a0-1446-gc28613e (webtiles) character file.

245 pulse the Chopper (level 6, 0/47 HPs)
             Began as a Hill Orc Necromancer on June 28, 2015.
             Was an Initiate of Okawaru.
             Slain by a black bear (11 damage)
             ... on level 4 of the Dungeon.
             The game lasted 00:10:01 (5285 turns).

pulse the Chopper (Hill Orc Necromancer)            Turns: 5285, Time: 00:10:02

Health: 0/47       AC:  7    Str: 13    XL:     6   Next: 10%
Magic:  8/8        EV:  9    Int: 15    God:    Okawaru [......]
Gold:   239        SH:  0    Dex: 11    Spells: 1 memorised, 7 levels left

rFire  . . .     SeeInvis .     j - +0 war axe
rCold  . . .     Clarity  .     t - +0 scale mail
rNeg   . . .     SustAt   .     (no shield)
rPois  +         Gourm    .     (no helmet)
rElec  .         Spirit   .     p - +0 cloak
rCorr  .         Warding  .     (no gloves)
rMut   .         Stasis   .     (no boots)
MR     .....                    (no amulet)
Stlth  ..........               (no ring)
                                f - ring of poison resistance

@: not resistant to hostile enchantments, extremely unstealthy
A: no striking features
a: Renounce Religion


You were on level 4 of the Dungeon.
You worshipped Okawaru.
Okawaru was noncommittal.
You were not hungry.

You visited 1 branch of the dungeon, and saw 4 of its levels.

You collected 239 gold pieces.

Inventory:

Hand weapons
 j - a +0 war axe (weapon)
Armour
 a - a +0 robe
 k - a +0 ring mail
 p - a +0 cloak (worn)
 t - a +0 scale mail (worn)
Jewellery
 f - a ring of poison resistance (left hand)
 i - an uncursed amulet of regeneration {unknown}
Magical devices
 h - a wand of fire (12)
Scrolls
 e - 3 scrolls of identify
 g - 2 scrolls of teleportation
 l - a scroll of enchant weapon {unknown}
 n - a scroll of enchant armour {unknown}
 o - a scroll of noise {unknown}
 q - a scroll of recharging {unknown}
 s - a scroll of remove curse {unknown}
Potions
 r - a potion of flight
 u - a potion of brilliance {unknown}
Books
 b - a book of Necromancy

   Spells                             Type                      Level
   a - Pain                           Necromancy                   1
   b - Animate Skeleton               Necromancy                   1
   c - Vampiric Draining              Necromancy                   3
   d - Regeneration                   Charms/Necromancy            3
   e - Animate Dead                   Necromancy                   4
   f - Control Undead                 Necromancy                   4
Comestibles
 c - 3 bread rations
 d - a meat ration


   Skills:
 - Level 1.0 Fighting
 * Level 6.7 Axes
 - Level 1.0 Armour
 - Level 1.7 Dodging
 - Level 1.5 Stealth
 - Level 1.8 Spellcasting
 - Level 4.2 Necromancy


You had 7 spell levels left.
You knew the following spells:

 Your Spells              Type           Power        Failure   Level  Hunger
a - Pain                  Necr           ##..         21%         1    ##.....


Dungeon Overview and Level Annotations

Branches:
Dungeon (4/15)
 Temple: D:4-7

Altars:
Ashenzari
Fedhas
Kikubaaqudgha
Okawaru


Message History

The black bear claws you.
You barely miss the black bear.
The black bear is almost dead.
The black bear bites you. The black bear claws you.
* * * LOW HITPOINT WARNING * * *
The black bear claws you.
* * * LOW HITPOINT WARNING * * *
The black bear closely misses you. The black bear claws you.
* * * LOW HITPOINT WARNING * * *
The black bear claws you.
* * * LOW HITPOINT WARNING * * *
There is a stone staircase leading up here.
You feel better. The black bear bites you.
* * * LOW HITPOINT WARNING * * *
The black bear claws you but does no damage. x2
The black bear bites you.
* * * LOW HITPOINT WARNING * * *
The black bear claws you but does no damage. x2
The black bear bites you!
You die...

.# ## .# #.. .#
#.
#..#..##.###...
#............#
#...# #<..#####
##h.......
#.@.#####.
.........#
#..........
#..####>.### #.
#..# # #..#
#... #.#.


You could see a black bear (berserk).

Vanquished Creatures
  An orc priest (D:3)
  A hound (D:3)
  An orc wizard (D:3)
  2 gnolls (D:2)
  3 adders (D:2)
  An ooze (D:2)
  3 worms
  4 giant geckos
  14 orcs
  2 ball pythons
  2 giant cockroaches
  11 goblins
  10 hobgoblins
  2 quokkas (D:2)
  6 bats
  3 giant newts
  7 jackals
  6 kobolds
  9 rats
88 creatures vanquished.

Notes
Turn   | Place    | Note
--------------------------------------------------------------
     0 | D:1      | pulse the Hill Orc Necromancer began the quest for the Orb.
     0 | D:1      | Reached XP level 1. HP: 14/14 MP: 3/3
   644 | D:1      | Reached XP level 2. HP: 18/20 MP: 1/4
  1314 | D:1      | Reached skill level 1 in Fighting
  1314 | D:1      | Reached skill level 1 in Armour
  1592 | D:2      | Reached XP level 3. HP: 28/28 MP: 3/5
  1655 | D:2      | Reached skill level 1 in Axes
  2446 | D:2      | Reached XP level 4. HP: 31/35 MP: 6/6
  3044 | D:2      | Found an iron altar of Okawaru.
  3078 | D:2      | Became a worshipper of Warmaster Okawaru
  3539 | D:2      | Reached XP level 5. HP: 28/40 MP: 7/7
  3740 | D:3      | Found a faded altar to an unknown god.
  4005 | D:3      | Reached skill level 5 in Axes
  4177 | D:3      | Found an ancient bone altar of Kikubaaqudgha.
  4177 | D:3      | Found a blossoming altar of Fedhas.
  4447 | D:3      | Found a shattered altar of Ashenzari.
  4503 | D:3      | Reached skill level 6 in Axes
  4923 | D:3      | Reached XP level 6. HP: 47/47 MP: 8/8
  5285 | D:4      | Slain by a black bear

Vault maps used:
D:1:      sevenhm_arrival_forest_fort_small_4
D:2:      st_stairs_5, okawaru_altar_gauntlet_db
D:3:      grunt_temple_overflow_growth_and_decay, first_bread,
          ecumenical_altar_1, cheibrodos_ashenzari_chains
D:4:      nicolae_overflow_crystal_walls, minmay_overflow_temple_star_quad,
          nemelex_dance_club_becter

Action                   |  1- 3 |  4- 6 || total
-------------------------+-------+-------++-------
Melee: Unarmed           |    11 |       ||    11
       Hand axe          |   110 |   225 ||   335
       War axe           |       |    33 ||    33
 Cast: Pain              |    12 |     4 ||    16
  Use: Scroll            |     1 |     3 ||     4
       Potion            |       |     2 ||     2
 Stab: Sleeping          |     1 |       ||     1
  Eat: Chunk             |     5 |     8 ||    13
       Pizza             |       |     1 ||     1
